 Dungeon Crawl Stone Soup version 0.31.0-11-ge490571c62 (webtiles) character file.

Game seed: 17944877869412392825

292 hawla the Covered (level 6, -7/46 HPs)
             Began as a Minotaur Fighter on Feb 10, 2024.
             Mangled by an ogre
             ... wielding a +0 giant spiked club
              (13 damage)
             ... on level 5 of the Dungeon.
             The game lasted 00:03:55 (2311 turns).

hawla the Covered (Minotaur Fighter)                Turns: 2311, Time: 00:03:56

Health: -7/46      AC: 10    Str: 22 (23) XL:     6   Next: 10%
Magic:  5/5        EV:  9    Int:  4 (5)  God:
Gold:   95         SH:  4    Dex:  7 (9)  Spells: 5/5 levels left

rFire   . . .        a - +0 war axe
rCold   . . .        c - +0 buckler
rNeg    . . .        i - +0 chain mail
rPois   .            (helmet restricted)
rElec   .            (no cloak)
rCorr   .            (no gloves)
SInv    .            (no boots)
Will    .....        (no amulet) Stlth
                     (no ring)
HPRegen 0.27/turn    (no ring)
MPRegen 0.09/turn

%: no passive effects
@: mighty, lethally poisoned (-7 -> -13)
A: horns 2, retaliatory headbutt, camouflage 1, frail 1, inability to read after
injury 1, sturdy frame 1
a: no special abilities


You were on level 5 of the Dungeon.
You visited 1 branch of the dungeon, and saw 4 of its levels.

You collected 95 gold pieces.

Inventory:

Hand Weapons
 a - a +0 war axe (weapon)
Armour
 c - a +0 buckler (worn)
 i - a +0 chain mail (worn)
Jewellery
 b - a ring of wizardry
 e - a ring of fire
Potions
 d - a potion of might


   Skills:
 - Level 4.0 Fighting
 - Level 2.4 Axes
 + Level 7.2 Armour
 - Level 1.0 Dodging
 - Level 5.0 Shields


You had 5 spell levels left.
You didn't know any spells.
Your spell library was empty.

Dungeon Overview and Level Annotations

Branches:
Dungeon (3/15)

Altars:
Ashenzari


Innate Abilities, Weirdness & Mutations

You have a pair of horns on your head.
You reflexively headbutt those who attack you in melee.
Your skin changes colour to match your surroundings (Stealth+).
You are frail. (-10% HP)
You occasionally lose the ability to read scrolls when taking damage.
Your movements are slightly less encumbered by armour. (ER -2)


Message History

The hound moves out of view.
The ogre barely misses you. You furiously retaliate!
You headbutt the ogre, but do no damage.
You slash the ogre!
The ogre is heavily wounded.
The ogre hits you with a +0 giant spiked club!
The water moccasin bites you but does no damage.
You slash the ogre!
The ogre is severely wounded.
You miss the water moccasin. The water moccasin bites you!
You are poisoned.
The water moccasin poisons you! You block the ogre's attack.
The water moccasin bites you.
You are more poisoned.
The water moccasin poisons you!
You hit the ogre but do no damage.
The ogre is severely wounded.
You closely miss the water moccasin.
You feel extremely sick.
The water moccasin bites you but does no damage. x2
The ogre hits you with a +0 giant spiked club!
* * * LOW HITPOINT WARNING * * *
It was a potion of curing.
You feel better. The water moccasin bites you.
* * * LOW HITPOINT WARNING * * *
You are lethally poisoned!
The water moccasin poisons you!
It was a potion of degeneration.
There was something very wrong with that liquid.
You feel weakened.
You feel dopey.
You feel clumsy.
* * * LOW HITPOINT WARNING * * *
You feel very sick. You block the water moccasin's attack.
You block the ogre's attack.
The water moccasin completely misses you.
You aren't carrying any scrolls.
You feel very mighty all of a sudden.
* * * LOW HITPOINT WARNING * * *
You feel sick.
The water moccasin bites you but does no damage.
The ogre hits you with a +0 giant spiked club!
You die...

≈..#.....#..
≈..#.......
≈..........
≈.........
≈........#
§........####
#...SO....#
#...@....# .
#.....#....# #.
##.....## ...
...##.......##...
..........#.....#
..........#......#
.........###..##.#
..............#..#.
.....###..........


You could see a water moccasin and an ogre.

Vanquished Creatures
  A scorpion (D:5)
  2 orc priests (D:3)
  Terence (D:3)
  An iguana (D:5)
  An orc wizard (D:3)
  4 adders
  4 dart slugs
  An orc (D:3)
  4 bats
  5 endoplasms
  5 giant cockroaches
  4 goblins
  7 hobgoblins
  A quokka (D:1)
  5 ball pythons
  6 frilled lizards
  A kobold (D:1)
  5 rats
58 creatures vanquished.

Notes
Turn   | Place    | Note
-------+----------+-------------------------------------------
     0 | D:1      | hawla the Minotaur Fighter began the quest for the Orb.
     0 | D:1      | Reached XP level 1. HP: 19/19 MP: 0/0
    16 | D:1      | Reached skill level 1 in Dodging
   122 | D:1      | Reached XP level 2. HP: 27/27 MP: 1/1
   646 | D:2      | Reached XP level 3. HP: 33/33 MP: 2/2
   938 | D:2      | Reached skill level 5 in Shields
  1073 | D:2      | Reached skill level 4 in Armour
  1407 | D:2      | Reached XP level 4. HP: 40/40 MP: 3/3
  1585 | D:3      | Found a broken altar of Ashenzari.
  1586 | D:3      | Noticed Terence
  1598 | D:3      | Killed Terence
  1599 | D:3      | Reached skill level 5 in Armour
  1632 | D:3      | Reached XP level 5. HP: 17/46 MP: 4/4
  1632 | D:3      | Gained mutation: You are frail. (-10% HP) [potion of
                  | mutation]
  1632 | D:3      | Gained mutation: You occasionally lose the ability to read
                  | scrolls when taking damage. [potion of mutation]
  1632 | D:3      | Gained mutation: Your movements are slightly less
                  | encumbered by armour. (ER -2) [potion of mutation]
  1632 | D:3      | Gained mutation: Your skin changes colour to match your
                  | surroundings (Stealth+). [potion of mutation]
  1638 | D:3      | Reached skill level 6 in Armour
  2139 | D:3      | You fall into a shaft and drop 2 floors!
  2139 | D:5      | Entered Level 5 of the Dungeon
  2167 | D:5      | Reached skill level 7 in Armour
  2167 | D:5      | Reached XP level 6. HP: 19/46 MP: 5/5
  2303 | D:5      | Noticed a water moccasin
  2311 | D:5      | Mangled by an ogre

Illustrated notes

Levels and vault maps discovered:
D:1:      onia_arrival_pentagram, layout_loops_cross,
          dreamdust_princess_corridor
D:2:      layout_basic
D:3:      layout_basic, cheibrodos_ashenzari_chains, uniq_terence
D:5:      layout_cave_pools, mainiacjoe_overflow_catwalk_spiral,
          nzn_wu_jian_council_hall

Skill      XL: |  1  2  3  4  5 |
---------------+----------------+-----
Dodging        | 1 |  1.0
Fighting       | 4 |  4.0
Shields        | 4 5 |  5.0
Armour         | 4 5 7 |  7.2
Axes           | |  2.4

Action                     |  1- 3 |  4- 6 || total
---------------------------+-------+-------++-------
  Melee: War axe           |   114 |    53 ||   167
         Headbutt          |     8 |     5 ||    13
    Use: Scroll            |     1 |     3 ||     4
         Potion            |       |     6 ||     6
 Armour: Scale mail        |    67 |       ||    67
         Chain mail        |    10 |    49 ||    59
  Dodge: Dodged            |    65 |    27 ||    92
  Block: Buckler           |    44 |    19 ||    63
